 Dungeon Crawl Stone Soup version 0.30-a0-187-gd9c2deaf24 (webtiles) character file.

Game seed: 17537603172740593686

9914 Flugkiller the Arsonist (level 11, -5/79 HPs)
             Began as a Mummy Cinder Acolyte on Oct 3, 2022.
             Was a Believer of Ignis.
             Slain by Nergalle
             ... wielding a +0 dagger of electrocution
              (16 damage)
             ... on level 1 of the Lair of Beasts.
             The game lasted 00:15:19 (11656 turns).

Flugkiller the Arsonist (Mummy Cinder Acolyte)     Turns: 11656, Time: 00:15:19

Health: -5/79      AC: 14    Str: 18    XL:     11   Next: 29%
Magic:  3/33       EV: 15    Int: 18    God:    Ignis [**....]
Gold:   694        SH:  0    Dex: 10    Spells: 14/28 levels left

rFire   . . .      SeeInvis +    D - +8 longbow "Zephyr" {speed, Dex+3 SInv}
rCold   + . .      Faith    +    (shield currently unavailable)
rNeg    + + +      Spirit   .    q - +0 steam dragon scales
rPois   ∞          Reflect  .    o - +1 hat
rElec   .          Harm     .    (no cloak)
rCorr   .          Rampage  .    n - +0 pair of gloves
Will    +....                    (no boots)
Stlth   +.........               (no amulet)
HPRegen 0.33/turn                v - +4 ring of evasion
MPRegen 0.23/turn                E - ring of magical power

@: fiery-armoured
A: cold resistance 1, negative energy resistance 3, torment resistance 2, heat
vulnerability 1, in touch with death 1, no potions, faith
a: Renounce Religion, Fiery Armour, Foxfire Swarm, Rising Flame


You were on level 1 of the Lair of Beasts.
You worshipped Ignis.
Ignis was pleased with you.
You visited 2 branches of the dungeon, and saw 12 of its levels.

You collected 694 gold pieces.

Inventory:

Hand Weapons
 a - a +3 spear
   (You took it off an orc on level 7 of the Dungeon)
 b - a +0 mace of protection
   (You took it off an orc priest on level 5 of the Dungeon)
 d - a +0 dagger
   (You took it off a kobold on level 1 of the Dungeon)
 e - a +0 short sword of draining
   (You took it off Blork the orc on level 5 of the Dungeon)
 u - a +1 rapier of electrocution
   (You found it on level 3 of the Dungeon)
 x - a +0 war axe of freezing
   (You took it off a wight on level 8 of the Dungeon)
 B - a +2 dagger of pain
   (You took it off a gnoll bouda on level 8 of the Dungeon)
 D - the +8 longbow "Zephyr" (weapon) {speed, Dex+3 SInv}
   (You took it off an orc on level 8 of the Dungeon)

   Attacks with this weapon are significantly faster.
   Dex:       It affects your dexterity (+3).
   SInv:      It lets you see invisible.
Missiles
 h - 5 curare-tipped darts
 L - a throwing net
Armour
 m - a +0 scale mail of willpower
   (You found it on level 4 of the Dungeon)
 n - a +0 pair of gloves (worn)
   (You found it on level 4 of the Dungeon)
 o - a +1 hat (worn)
   (You found it on level 4 of the Dungeon)
 p - an orb of guile
   (You found it on level 4 of the Dungeon)
 q - +0 steam dragon scales (worn)
   (You found it on level 5 of the Dungeon)
 y - +1 fire dragon scales
   (You took it off a gnoll on level 8 of the Dungeon)
 F - a +0 troll leather armour
   (You found it on level 9 of the Dungeon)
 H - a +0 buckler
   (You found it on level 9 of the Dungeon)
Jewellery
 i - a ring of see invisible
   (You took it off an orc on level 8 of the Dungeon)
 v - a +4 ring of evasion (left hand)
   (You found it on level 3 of the Dungeon)
 w - a +4 ring of evasion
   (You found it on level 8 of the Dungeon)
 A - a ring of wizardry
   (You took it off a gnoll on level 8 of the Dungeon)
 E - a ring of magical power (right hand)
   (You found it on level 5 of the Dungeon)
Wands
 k - a wand of flame (5)
   (You found it on level 2 of the Dungeon)
 s - a wand of mindburst (9)
   (You took it off Maggie on level 7 of the Dungeon)
Scrolls
 c - a scroll of immolation
 f - 6 scrolls of amnesia
 g - 2 scrolls of silence
 j - 2 scrolls of enchant armour
 l - 2 scrolls of poison
 t - a scroll of teleportation
 z - a scroll of blinking
 C - a scroll of brand weapon
 G - a scroll of butterflies
Miscellaneous
 J - a piece from Xom's chessboard (15/15)
   (You found it on level 9 of the Dungeon)


   Skills:
 - Level 5.0 Fighting
 - Level 2.4 Maces & Flails
 + Level 9.0 Spellcasting
 * Level 9.2 Conjurations
 - Level 10.0 Fire Magic


You had 14 spell levels left.
You knew the following spells:

 Your Spells              Type           Power      Damage    Failure   Level
a - Scorch                Fire           88%        2d9       1%          2
b - Iskenderun's Battles  Conj           41%        2d9       5%          5
c - Fireball              Conj/Fire      21%        3d10      4%          5
d - Momentum Strike       Conj/Tloc      48%        3d9       1%          2

Your spell library contained the following spells:

 Spells                   Type           Power      Damage    Failure   Level
 Hailstorm                Conj/Ice       24%        3d7       4%          3
 Freeze                   Ice            32%        1d5       9%          1
 Summon Small Mammal      Summ           32%        N/A       9%          1
 Blink                    Tloc           16%        N/A       13%         2
 Call Canine Familiar     Summ           8%         N/A       26%         3
 Frozen Ramparts          Ice            16%        1d3       26%         3
 Lesser Beckoning         Tloc           16%        N/A       26%         3
 Summon Guardian Golem    Hex/Summ       8%         N/A       26%         3
 Orb of Destruction       Conj           20%        9d8       86%         7
 Conjure Ball Lightning   Conj/Air       12%        3x3d6     90%         6


Dungeon Overview and Level Annotations

Branches:
Dungeon (11/15) Zot: 26468  Temple (0/1) D:7            Lair (1/5) D:9 Zot: 5930
    Orc: D:9-12

Altars:
Cheibriados
Dithmenos
Gozag
Kikubaaqudgha
Sif Muna
Uskayaw
Xom

Shops:
D:5 [   D:9 :

Annotations:
D:10 Snorg
Lair:1 Nergalle


Innate Abilities, Weirdness & Mutations

You are immune to poison.
Your flesh is cold resistant. (rC+)
You are immune to negative energy. (rN+++)
You are immune to unholy pain and torment.
You are vulnerable to heat. (rF-)
You are in touch with the powers of death.
You do not drink.
You have a special connection with the divine. (Faith)


Message History

Nergalle hits you but does no damage.
Nergalle is burned terribly!
Nergalle is burned by your cloak of flames.
Nergalle is moderately wounded.
Fire: D) +8 longbow "Zephyr" {speed, Dex+3 SInv}
Press: ? - help, Q - select action, (/) - cycle Shift-Dir - straight line, f/p - Nergalle
Aim: Nergalle, wielding a +0 dagger of electrocution and wearing a +0 robe (moderately wounded, more vulnerable to fire, 62% to hit)
You shoot an arrow. The arrow barely misses Nergalle.
Nergalle hits you but does no damage.
You are electrocuted!
* * * LOW HITPOINT WARNING * * *
Fire: D) +8 longbow "Zephyr" {speed, Dex+3 SInv}
Press: ? - help, Q - select action, (/) - cycle Shift-Dir - straight line, f/p - Nergalle
Aim: Nergalle, wielding a +0 dagger of electrocution and wearing a +0 robe (moderately wounded, more vulnerable to fire, 62% to hit)
You shoot an arrow. The arrow hits Nergalle!
Nergalle is heavily wounded.
Nergalle casts a spell at you.
Orcish apparitions take form around you.
Fire: D) +8 longbow "Zephyr" {speed, Dex+3 SInv}
Press: ? - help, Q - select action, (/) - cycle Shift-Dir - straight line, f/p - Nergalle
Aim: Nergalle, wielding a +0 dagger of electrocution and wearing a +0 robe (heavily wounded, more vulnerable to fire, 62% to hit)
You shoot an arrow. The arrow barely misses Nergalle.
You hear the loud beating of a drum very nearby.
Nergalle misses you.
Fire: D) +8 longbow "Zephyr" {speed, Dex+3 SInv}
Press: ? - help, Q - select action, (/) - cycle Shift-Dir - straight line, f/p - Nergalle
Aim: Nergalle, wielding a +0 dagger of electrocution and wearing a +0 robe (heavily wounded, more vulnerable to fire, 62% to hit)
You shoot an arrow. The arrow barely misses Nergalle.
Nergalle hits you but does no damage.
Nergalle is burned by your cloak of flames.
Nergalle is heavily wounded.
The spectral orc warrior closely misses you.
Fire: D) +8 longbow "Zephyr" {speed, Dex+3 SInv}
Press: ? - help, Q - select action, (/) - cycle Shift-Dir - straight line, f/p - Nergalle
Aim: Nergalle, wielding a +0 dagger of electrocution and wearing a +0 robe (heavily wounded, more vulnerable to fire, 62% to hit)
You shoot an arrow. The arrow completely misses Nergalle.
Nergalle points at you and mumbles some strange words.
Orcish apparitions take form around you.
The spectral orc warrior misses you.
Fire: D) +8 longbow "Zephyr" {speed, Dex+3 SInv}
Press: ? - help, Q - select action, (/) - cycle Shift-Dir - straight line, f/p - Nergalle
Aim: Nergalle, wielding a +0 dagger of electrocution and wearing a +0 robe (heavily wounded, more vulnerable to fire, 62% to hit)
You shoot an arrow.
The arrow hits Nergalle but does no damage.
Nergalle is heavily wounded.
Nergalle completely misses you. The spectral orc warrior misses you.
Fire: D) +8 longbow "Zephyr" {speed, Dex+3 SInv}
Press: ? - help, Q - select action, (/) - cycle Shift-Dir - straight line, f/p - Nergalle
Aim: Nergalle, wielding a +0 dagger of electrocution and wearing a +0 robe (heavily wounded, more vulnerable to fire, 62% to hit)
You shoot an arrow. The arrow hits Nergalle!
Nergalle is severely wounded.
Nergalle misses you.
The spectral orc warrior completely misses you.
Nergalle blows her nose.
Nergalle hits you but does no damage.
Nergalle is burned terribly!
Nergalle is burned by your cloak of flames.
Nergalle is almost dead.
Fire: D) +8 longbow "Zephyr" {speed, Dex+3 SInv}
Press: ? - help, Q - select action, (/) - cycle Shift-Dir - straight line, f/p - Nergalle
Aim: Nergalle, wielding a +0 dagger of electrocution and wearing a +0 robe (almost dead, more vulnerable to fire, 62% to hit)
You shoot an arrow. The arrow closely misses Nergalle.
The spectral orc warrior hits you but does no damage.
Nergalle hits you with a +0 dagger of electrocution.
Nergalle is burned by your cloak of flames.
Nergalle is almost dead.
Fire: D) +8 longbow "Zephyr" {speed, Dex+3 SInv}
Press: ? - help, Q - select action, (/) - cycle Shift-Dir - straight line, f/p - Nergalle
Aim: Nergalle, wielding a +0 dagger of electrocution and wearing a +0 robe (almost dead, more vulnerable to fire, 62% to hit)
You shoot an arrow.
The arrow hits Nergalle but does no damage.
Nergalle is almost dead.
The spectral orc warrior barely misses you.
Nergalle closely misses you.
Fire: D) +8 longbow "Zephyr" {speed, Dex+3 SInv}
Press: ? - help, Q - select action, (/) - cycle Shift-Dir - straight line, f/p - Nergalle
Aim: Nergalle, wielding a +0 dagger of electrocution and wearing a +0 robe (almost dead, more vulnerable to fire, 62% to hit)
You shoot an arrow. The arrow closely misses Nergalle.
Nergalle is no longer more vulnerable to fire.
The spectral orc warrior hits you with a +0 long sword.
* * * LOW HITPOINT WARNING * * *
Nergalle hits you but does no damage.
Nergalle is burned by your cloak of flames.
Nergalle is almost dead.
The spectral orc warrior barely misses you.
Unknown command.
Casting: Scorch (safe; 1% risk of failure)
Confirm with . or Enter, or press ? or * to list all spells.
Flames lash Nergalle but do no damage.
Nergalle hits you but does no damage.
You are electrocuted!
* * * LOW HITPOINT WARNING * * *
The spectral orc warrior hits you but does no damage.
The spectral orc warrior is burned by your cloak of flames.
The spectral orc warrior is lightly damaged.
Fire: D) +8 longbow "Zephyr" {speed, Dex+3 SInv}
Press: ? - help, Q - select action, (/) - cycle Shift-Dir - straight line, f/p - Nergalle
Aim: Nergalle, wielding a +0 dagger of electrocution and wearing a +0 robe (almost dead, 62% to hit)
You shoot an arrow. The arrow closely misses Nergalle.
Nergalle yells, "What are YOU looking at?"
Nergalle hits you with a +0 dagger of electrocution.
* * * LOW HITPOINT WARNING * * *
You are electrocuted!
You die...

#....##b####...##
#.....$.......b# #
#..............#P.
#.........b.......
#...........b..b..
#....^b...........
#..###..#####....=
#o#†..†.....#..#.+
#@#Yb...b...#..#..
#Z#.........+..#..
.Z#.........#..#
##.#......o..#
#.#^........+
#.#...........
#.#.........#.
#.###.#.#.#.#


You could see Nergalle and 2 spectral orc warriors.

Vanquished Creatures
  A two-headed ogre (D:9)
  An ugly thing (D:8)
  Maggie (D:7)
  A cane toad (Lair:1)
  2 trolls (D:9)
  A hornet (D:5)
  2 wyverns
  A wraith (D:9)
  A basilisk (Lair:1)
  18 yaks
  2 steam dragons
  2 acid dragons (D:10)
  A water moccasin (D:5)
  4 sky beasts
  2 orc warriors
  3 centaurs
  A phantom (D:5)
  2 kobold brigands
  Blork the orc (D:5)
  A bullfrog (shapeshifter) (D:8)
  5 bullfrogs
  3 necrophages
  4 scorpions
  4 wights (D:8)
  16 killer bees
  5 howler monkeys
  3 jellies
  5 hounds
  2 gnoll boudas (D:8)
  6 orc priests
  3 iguanas
  8 orc wizards
  A mummy (D:3)
  5 gnolls (D:8)
  5 adders
  2 shadow imps (D:7)
  2 white imps
  3 ufetubi
  3 worms
  A dart slug (D:5)
  35 orcs
  3 ball pythons
  6 bats
  4 endoplasms
  2 giant cockroaches
  4 goblins
  3 hobgoblins (D:4)
  4 jackals (D:4)
  5 quokkas
  2 frilled lizards
  11 kobolds
  9 rats
222 creatures vanquished.

Vanquished Creatures (others)
  An orc wizard (D:7)
  2 orcs (D:7)
  A goblin (D:8)
  24 foxfires
  7 fungi (D:10)
35 creatures vanquished.

Grand Total: 257 creatures vanquished

Notes
Turn   | Place    | Note
-------+----------+-------------------------------------------
     0 | D:1      | Flugkiller the Mummy Cinder Acolyte began the quest for the
                  | Orb.
     0 | D:1      | Reached XP level 1. HP: 18/18 MP: 2/2
    82 | D:1      | Found a faded altar of an unknown god.
   275 | D:1      | Reached XP level 2. HP: 22/24 MP: 5/5
   287 | D:1      | Learned a level 2 spell: Scorch
   482 | D:2      | Reached skill level 3 in Fire Magic
   725 | D:2      | Gained mutation: You are in touch with the powers of death.
                  | [Mummy growth]
   725 | D:2      | Reached XP level 3. HP: 24/29 MP: 1/6
  1394 | D:3      | Reached XP level 4. HP: 28/35 MP: 0/8
  2250 | D:3      | Found a snail-covered altar of Cheibriados.
  2509 | D:4      | Noticed a centaur
  2516 | D:4      | Killed a centaur
  2517 | D:4      | Reached XP level 5. HP: 31/42 MP: 0/10
  2737 | D:4      | Reached skill level 4 in Fire Magic
  2883 | D:4      | Reached XP level 6. HP: 14/48 MP: 3/12
  3056 | D:4      | Found a shadowy altar of Dithmenos.
  3166 | D:4      | Found an opulent altar of Gozag.
  3167 | D:4      | You fall into a shaft and drop 2 floors!
  3231 | D:5      | Entered Level 5 of the Dungeon
  3231 | D:5      | Noticed a water moccasin
  3244 | D:5      | Killed a water moccasin
  3245 | D:5      | Reached skill level 5 in Fire Magic
  3543 | D:4      | Reached skill level 5 in Fighting
  3543 | D:4      | Reached XP level 7. HP: 56/56 MP: 10/13
  3551 | D:4      | Learned a level 5 spell: Iskenderun's Battlesphere
  3557 | D:4      | Learned a level 5 spell: Fireball
  3659 | D:5      | Noticed Blork the orc
  3897 | D:5      | Noticed a hornet
  3915 | D:5      | Noticed a steam dragon
  4004 | D:5      | Killed Blork the orc
  4005 | D:5      | Reached skill level 1 in Conjurations
  4041 | D:5      | Found Ovaiwkaf's Antique Armour Shoppe.
  4067 | D:5      | Killed a steam dragon
  4068 | D:5      | Reached skill level 5 in Spellcasting
  4387 | D:5      | Killed a hornet
  4388 | D:5      | Reached XP level 8. HP: 62/62 MP: 13/17
  4580 | D:5      | Found a hide-covered altar of Uskayaw.
  4772 | D:5      | Learned a level 2 spell: Momentum Strike
  5635 | D:7      | Noticed Maggie
  5805 | D:7      | Found a staircase to the Ecumenical Temple.
  6178 | D:7      | Reached skill level 5 in Conjurations
  6321 | D:7      | Reached XP level 9. HP: 68/68 MP: 21/21
  6369 | D:7      | Killed Maggie
  7591 | D:8      | Found a shimmering altar of Xom.
  7815 | D:8      | Found a shimmering blue altar of Sif Muna.
  7840 | D:8      | Reached skill level 6 in Fire Magic
  7970 | D:8      | Reached XP level 10. HP: 42/74 MP: 2/22
  8092 | D:8      | Noticed a brown ugly thing
  8104 | D:8      | Killed a brown ugly thing
  8105 | D:8      | Reached skill level 7 in Fire Magic
  8843 | D:7      | Reached skill level 8 in Fire Magic
  9315 | D:9      | Found a staircase to the Lair.
  9350 | D:9      | Noticed a two-headed ogre
  9370 | D:9      | Killed a two-headed ogre
  9371 | D:9      | Reached skill level 9 in Fire Magic
  9813 | D:9      | Found Oluukino's Book Boutique.
 10057 | D:10     | Entered Level 10 of the Dungeon
 10215 | D:10     | Reached skill level 10 in Fire Magic
 10575 | D:10     | Reached XP level 11. HP: 53/79 MP: 23/23
 10723 | D:10     | Found an ancient bone altar of Kikubaaqudgha.
 11093 | D:11     | Noticed a boulder beetle
 11279 | D:11     | Noticed Snorg
 11459 | Lair:1   | Entered Level 1 of the Lair of Beasts
 11631 | Lair:1   | Noticed Nergalle
 11656 | Lair:1   | Slain by Nergalle

Illustrated notes

Levels and vault maps discovered:
D:1:      erik_arrival_orb_chamber, layout_rooms, basic_ecumenical_altar,
          st_stairs_6
D:2:      layout_basic
D:3:      layout_basic, slow_altar_2, kennysheep_potato
D:4:      layout_basic, nicolae_dithmenos_through_a_glass_darkly,
          old_standard_altar
D:5:      layout_basic, mainiacjoe_overflow_two_lobes, serial_shops, shop,
          grunt_ministairs_4, minmay_quadrilaterals, uniq_blork_the_orc
D:6:      layout_loops_ring, minmay_fractal_squares_diagonal_5
D:7:      layout_loops_ring, temple_statues, kennysheep_generic_room_14,
          uniq_maggie
D:8:      minmay_the_grid_four_pointed_star
          [minmay_the_grid_triangle_9x9_checkered,
          minmay_the_grid_triangle_9x9_flanged_cone,
          minmay_the_grid_triangle_9x9_dagger,
          minmay_the_grid_triangle_9x9_semitri,
          minmay_the_grid_prize_diamond_cup], layout_loops_ring,
          general_overflow_altar, dk_xom_monty_hall
D:9:      layout_basic, dpeg_oklobed_lair, serial_shops, kennysheep_little_box,
          hellmonk_bongcloud_opening
D:10:     layout_long_grid, mainiacjoe_overflow_catch_the_wave
D:11:     layout_loops_ring, orc_0_dummy, nicolae_trove_entry_diagonal,
          uniq_snorg
Lair:1:   gammafunk_boulding_lane, layout_regular_city, gauntlet_entry_generic,
          uniq_amaemon, uniq_nergalle

Skill      XL: |  1  2  3  4  5  6  7  8  9 10 11 |
---------------+----------------------------------+-----
Spellcasting   | 2 3 4 6 8 9 |  9.0
Fire Magic     | 3 4 5 6 10 | 10.0
Fighting       | 4 5 |  5.0
Conjurations   | 3 5 8 9 |  9.2
Maces & Flails | |  2.4

Action                   |  1- 3 |  4- 6 |  7- 9 | 10-12 || total
-------------------------+-------+-------+-------+-------++-------
Melee: Mace              |    25 |    44 |    29 |     7 ||   105
       Punch             |       |     1 |       |       ||     1
 Fire: Longbow           |       |       |       |    18 ||    18
Throw: Dart              |       |       |     1 |     2 ||     3
 Cast: Scorch            |    23 |    51 |   211 |   178 ||   463
       Iskenderun's Batt |       |       |     1 |       ||     1
       Fireball          |       |       |       |     7 ||     7
Invok: Fiery Armour      |       |     1 |     3 |     2 ||     6
       Foxfire Swarm     |       |     1 |     1 |       ||     2
  Use: Scroll            |       |     6 |     6 |     6 ||    18
Armor: Robe              |     9 |    18 |     2 |       ||    29
       Steam dragon scal |       |       |    44 |    43 ||    87
Dodge: Dodged            |    22 |    66 |   106 |   150 ||   344

Table legend: (Time is in decaauts)
 A = Elapsed time spent in this place.
 B = Non-inter-level travel time spent in this place.
 C = Inter-level travel time spent in this place.
 D = Time resting spent in this place.
 E = Time spent auto-exploring this place.
 F = Levels seen in this place.
 G = Mean time per level.
                   A        B        C        D        E       F      G
               +--------+--------+--------+--------+--------+-----+--------+
         Total |  11698 |  10897 |    801 |   3264 |   5457 |  12 |  974.8 |
       Dungeon |  11630 |  10829 |    801 |   3264 |   5457 |  11 | 1057.3 |
          Lair |     68 |     68 |      0 |      0 |      0 |   1 |   68.0 |
               +--------+--------+--------+--------+--------+-----+--------+

Top non-repeatable levels by time:
     D:8: 1923 daAuts
     D:3: 1290 daAuts
    D:10: 1289 daAuts
     D:7: 1249 daAuts
     D:4: 1228 daAuts
     D:5: 1222 daAuts
     D:9: 1126 daAuts
     D:6: 1054 daAuts
     D:2: 747 daAuts
     D:1: 432 daAuts
  Lair:1: 68 daAuts
    D:11: 64 daAuts
